 Dungeon Crawl Stone Soup version 0.17-a0-1942-g46ae386 (webtiles) character file.

172 KambridgeKobold the Shooter (level 5, -2/34 HPs)
             Began as a High Elf Hunter on Sept 30, 2015.
             Was an Initiate of Ashenzari.
             Slain by Blork the orc
             ... wielding a +0 halberd
              (11 damage)
             ... on level 4 of the Dungeon.
             The game lasted 00:15:20 (4666 turns).

KambridgeKobold the Shooter (High Elf Hunter)       Turns: 4666, Time: 00:15:20

Health: -2/34      AC:  9    Str: 11    XL:     5   Next: 27%
Magic:  6/6        EV:  5    Int: 15    God:    Ashenzari [......]
Gold:   188        SH:  0    Dex: 18    Spells: 0 memorised, 4 levels left

rFire  . . .     SeeInvis .     b - +0 short sword
rCold  . . .     Clarity  .     v - +0 chain mail
rNeg   . . .     SustAt   .     (no shield)
rPois  .         Gourm    .     (helmet restricted)
rElec  .         Spirit   .     o - +0 cloak (curse)
rCorr  .         Warding  .     (no gloves)
rMut   .         Stasis   .     (no boots)
MR     .....                    x - amulet of faith (curse)
Stlth  ..........               (no ring)
                                (no ring)

@: not resistant to hostile enchantments, extremely unstealthy
A: antennae 1, thin skeletal structure 1, breathe flames 1
a: Renounce Religion, Breathe Fire


You were on level 4 of the Dungeon.
You worshipped Ashenzari.
Ashenzari was noncommittal.
You were not hungry.

You visited 1 branch of the dungeon, and saw 4 of its levels.

You collected 188 gold pieces.

Inventory:

Hand weapons
 a - a +1 shortbow
 b - a +0 short sword (weapon)
Missiles
 c - 7 arrows
Armour
 d - a +0 leather armour
 o - a cursed +0 cloak (worn)
 v - a +0 chain mail (worn)
Magical staves
 s - an uncursed staff of conjuration
Jewellery
 x - a cursed amulet of faith (around neck)
Scrolls
 f - a scroll of fog {unknown}
 l - a scroll of noise {unknown}
 q - a scroll of enchant armour {unknown}
 r - a scroll of recharging {unknown}
 w - a scroll of teleportation {unknown}
 y - a scroll of curse jewellery
Potions
 g - a potion of haste
 h - a potion of might
 j - a potion of curing
 k - 2 potions of ambrosia
 m - a potion of lignification
 n - a potion of cancellation {unknown}
 p - a potion of brilliance
 t - a potion of invisibility {unknown}
Comestibles
 e - 2 bread rations
 i - a chunk of flesh


   Skills:
 - Level 2.0 Fighting
 - Level 3.1 Short Blades
 + Level 6.0 Bows
 - Level 3.0 Dodging
 + Level 3.9 Stealth


You had 4 spell levels left.
You didn't know any spells.

Dungeon Overview and Level Annotations

Branches:
Dungeon (4/15)
 Temple: D:4-7

Altars:
Ashenzari
Elyvilon
Qazlal
Xom

Annotations:
D:4 Blork the orc


Innate Abilities, Weirdness & Mutations

You have a pair of small antennae on your head.
You have a somewhat thin skeletal structure (Dex +2, Stealth).
You can breathe flames.


Message History

You hit Blork the orc but do no damage.
Blork the orc is heavily wounded.
Blork the orc hits you with a halberd! Blork the orc casts a spell at you.
The magic dart hits you!
You hit Blork the orc but do no damage.
Blork the orc is heavily wounded.
Blork the orc gestures at you while chanting.
The puff of flame hits you!
* * * LOW HITPOINT WARNING * * *
Your chain mail prevents you from hitting Blork the orc.
Blork the orc is heavily wounded.
Blork the orc barely misses you.
You hit Blork the orc.
Blork the orc is severely wounded.
Blork the orc hits you but does no damage.
You hit Blork the orc.
Blork the orc is severely wounded.
Blork the orc hits you with a halberd!
You die...

#............#..#.#
##...............#.#
#.............#.##.#
###.".........#....#
#...........######
#...........#
###########.#
#.#############.#
#....o@.........#
#################


You could see Blork the orc.

Vanquished Creatures
  An orc wizard (D:3)
  5 adders
  An ooze (D:3)
  2 worms (D:2)
  3 giant geckos (D:1)
  4 orcs (D:3)
  4 bats
  4 hobgoblins
  20 jackals
  A ball python (D:1)
  6 giant cockroaches
  5 giant newts
  8 goblins
  16 kobolds
  13 rats
93 creatures vanquished.

Notes
Turn   | Place    | Note
--------------------------------------------------------------
     0 | D:1      | KambridgeKobold the High Elf Hunter began the quest for the Orb.
     0 | D:1      | Reached XP level 1. HP: 14/14 MP: 2/2
   107 | D:1      | Reached skill level 1 in Short Blades
   341 | D:1      | Reached XP level 2. HP: 10/19 MP: 3/3
  1258 | D:1      | Reached XP level 3. HP: 21/24 MP: 4/4
  2191 | D:2      | Reached XP level 4. HP: 29/29 MP: 5/5
  2324 | D:2      | Found a shimmering altar of Xom.
  3525 | D:3      | Found a white marble altar of Elyvilon.
  3647 | D:3      | Found a shattered altar of Ashenzari.
  3672 | D:3      | Became a worshipper of Ashenzari the Shackled
  3676 | D:3      | Gained mutation: You have a somewhat thin skeletal structure (Dex +2, Stealth). [potion of mutation]
  3676 | D:3      | Gained mutation: You have a pair of small antennae on your head. [potion of mutation]
  3676 | D:3      | Gained mutation: You can breathe flames. [potion of mutation]
  4261 | D:3      | Reached XP level 5. HP: 25/34 MP: 6/6
  4457 | D:3      | Reached skill level 6 in Bows
  4485 | D:3      | Found a stormy altar of Qazlal.
  4651 | D:4      | Noticed Blork the orc
  4666 | D:4      | Slain by Blork the orc

Vault maps used:
D:1:      ncdulo_smallfort
D:2:      xom_teletrap_fun
D:3:      lemuel_round_altar, lemuel_round_altar, elyvilon_altar_1
D:4:      overflow_temple_1_default, nicolae_overflow_hidden_temple,
          minmay_temple_entry_overgrown, serial_shops, nicolae_shop_crystal,
          kennysheep_flooded_box, uniq_robin, uniq_blork_the_orc, uniq_pikel

Action                   |  1- 3 |  4- 6 || total
-------------------------+-------+-------++-------
Melee: Short sword       |   142 |   164 ||   306
 Fire: Shortbow          |    49 |    25 ||    74
  Use: Scroll            |     7 |     4 ||    11
       Potion            |       |     1 ||     1
 Stab: Sleeping          |     2 |     5 ||     7
       Distracted        |     1 |       ||     1
  Eat: Chunk             |     4 |     8 ||    12
